woodfighter, chaotic female human Wizard # # ##@e####### %--+-----.--- #|......^...| |..........| |..<........ ------------ woodfighter the Conjurer Experience level: 4 Strength: 9 Dexterity: 10 Constitution: 11 Intelligence: 19 Wisdom: 17 Charisma: 9 Health: 0(37) Energy: 72(72) Def: 1 Gold: 161 Moves: 1946 Dungeon seed: CYZetB_VxrowoYvF Game ID: woodfighter_1558549423 Your Inventory: Coins $ - 161 gold pieces Weapons a - a blessed +1 quarterstaff (weapon in hands) m - a +0 elven dagger C - a cursed -6 dagger Armor e - an uncursed +0 cloak of magic resistance (being worn) Comestibles D - an uncursed sprig of wolfsbane Scrolls F - an uncursed scroll of taming I - an uncursed scroll of confuse monster Potions H - an uncursed potion of acid Rings B - a cursed -1 ring of adornment G - a blessed +2 ring of gain constitution Tools s - an uncursed sack y - an uncursed skeleton key Gems q - an uncursed amethyst Contents of the sack: 127 gold pieces a [uncursed] [+0] helm of brilliance a [uncursed] [+0] pair of gauntlets of power a [uncursed] [+0] pair of speed boots a [uncursed] scroll of create monster a [uncursed] scroll of identify 2 [cursed] scrolls of identify 2 [uncursed] scrolls of scare monster a blessed spellbook of force bolt an uncursed spellbook of slow monster a [uncursed] potion of blindness a [uncursed] potion of invisibility a [uncursed] potion of oil a [uncursed] potion of see invisible Spells and supernatural/magical abilities: Name Level Category Fail Memory a - force bolt 1 attack 0% 91% s - slow monster 1 enchantment 0% 91% W - pray for help -- divine ? -- Your skills at the end: Miscellaneous Skills wands [Basic] Weapon Skills quarterstaff [Basic] Spellcasting Skills attack spells [Basic] enchantment spells [Basic] Final Attributes: You were piously aligned. You were magic-protected. You were stealthy. You are dead. Vanquished creatures: a small mimic 3 coyotes a gas spore 2 hobbits 3 geckos 3 giant rats a yellow mold a green mold 8 manes 2 jackals a kobold 5 newts a sewer rat 6 grid bugs 3 bats a lichen a kobold zombie 43 creatures vanquished. Voluntary challenges: You did not adorn yourself with jewelry or accessories. You did not cause conflict. You were not invisible. You did not have reflection. You were not displaced. You used a wielded weapon 65 times, starting on turn 26. You did not apply a unicorn horn. You did not use plumbed fixtures. You did not drink any magical draughts. You were illiterate. You never genocided any monsters. You never polymorphed an object. You never changed form. You used no wishes. You never split a pudding. You never wrote Elbereth's name. You never violated your personal moral code. Dungeon overview: The Dungeons of Doom: levels 1 to 5 Level 1 (water) a fountain a long staircase Level 2 a general store stairs to The Gnomish Mines Level 3 a general store Level 4 (water) a fountain Level 5 <- You were here The Gnomish Mines: Level 3 stairs to The Dungeons of Doom History has recorded: On T:1 you entered the Dungeons of Doom to retrieve the Amulet of Yendor! On T:183 you reached level 2 of The Dungeons of Doom. On T:423 you reached level 3 of The Dungeons of Doom. On T:522 you advanced to experience level 2. On T:527 you reached level 1 of The Gnomish Mines. On T:817 you advanced to experience level 3. On T:961 you advanced to experience level 4. On T:1044 you reached level 4 of The Dungeons of Doom. On T:1265 you prayed to Anhur. On T:1725 you reached level 5 of The Dungeons of Doom. Score breakdown: Gold: 288 ( 28 points) Experience: 4 levels ( 300 points) Exploration: 5 levels ( 120 points) Discoveries: 18 items ( 900 points) Variety of kills: 17 monsters ( 850 points) Major goal: (nothing yet) ( 0 points) Survival: died (score multiplied by 3) Total score: 6594 Latest messages: You kill the giant rat! (2x) You hit the giant rat. The giant rat bites! You kill the giant rat! The coyote bites! You hit the coyote. The coyote bites! You feel more confident in your weapon skills. You kill the coyote! The coyote just misses! You hit the coyote. The coyote bites! You kill the coyote! The coyote bites! You hit the coyote. The coyote bites! You kill the coyote! H - a cloudy potion. I - a scroll called 100er 2. You see here a giant rat corpse. You see here a coyote corpse. This coyote corpse tastes terrible! You finish eating the coyote corpse. You hit the floating eye. As you meet its deep, meaningful gaze, you feel its suffering as though it were your own. You die... Final status: Goodbye woodfighter the Wizard, killed by vicarious suffering... You died in The Dungeons of Doom on dungeon level 5 with 6594 points, and 288 pieces of gold, after 1946 moves. You were level 4 with a maximum of 37 hit points when you died.